PA
CHICAGO GOLD SOX @ PROVO MANGO
09/06/2037
 
TOP OF THE 1ST
Chicago Gold Sox batting - Pitching for Provo Mango : RHP Rainer Ausmus
Pitching: RHP Rainer Ausmus
Batting: RHB Juan Ocasio 0-0: Called Strike
0-1: Fly out, F7 (Line Drive, 78S, EV 106.2 MPH)
Batting: RHB Garm van Opdorp 0-0: Foul Ball, location: 2F
0-1: SINGLE (Line Drive, 7LS, EV 85.6 MPH)
Batting: RHB Estanislao Hirigoyen 0-0: Called Strike
0-1: Swinging Strike
0-2: SINGLE (Flyball, 89S, EV 96.2 MPH)
Garm van Opdorp to second
Runner from 2nd tries for 3rd, SAFE, throw by CF made to third
Batting: RHB Seung-hwan Pak 0-0: Foul Ball, location: 2F
0-1: Ball
1-1: Called Strike
1-2: Strikes out swinging
Batting: SHB José García 0-0: Ball
1-0: Called Strike
Estanislao Hirigoyen is caught stealing 2nd base 2-6
Top of the 1st over - 0 runs, 2 hits, 0 errors, 1 left on base; Chicago 0 - Provo 0
BOTTOM OF THE 1ST
Provo Mango batting - Pitching for Chicago Gold Sox : LHP Héctor Cantú
Pitching: LHP Héctor Cantú
Batting: RHB Ding-bong Wang 0-0: Foul Ball, location: 2F
0-1: Ball
1-1: Called Strike
1-2: Ball
2-2: Ball
3-2: Foul Ball, location: 2F
3-2: Ground out 5-3 (Groundball, 56S, EV 92.5 MPH)
Batting: RHB Paul Prichard 0-0: Ball
1-0: Foul Ball, location: 2F
1-1: Ball
2-1: SINGLE (Groundball, 15, EV 68.8 MPH) (infield hit)
Batting: LHB Kyle Mullens Pickoff Throw to First - Out! 1-3
0-0: Foul Ball, location: 2F
0-1: Ball
1-1: Ball
2-1: Foul Ball, location: 2F
2-2: Ball
3-2: Foul Ball, location: 2F
3-2: SOLO HOME RUN (Flyball, 7LD, EV 99.4 MPH), Distance : 370 ft
Batting: RHB Jesús Espinoza 0-0: Ball
1-0: Ground out 5-3 (Groundball, 56, EV 105.0 MPH)
Bottom of the 1st over - 1 run, 2 hits, 0 errors, 0 left on base; Chicago 0 - Provo 1
TOP OF THE 2ND
Chicago Gold Sox batting - Pitching for Provo Mango : RHP Rainer Ausmus
Batting: SHB José García 0-0: Ball
1-0: Ball
2-0: Called Strike
2-1: Ball
3-1: Base on Balls
Batting: RHB John Batman 0-0: Foul Ball, location: 2F
0-1: Ball
1-1: Ball
2-1: Foul Ball, location: 2F
2-2: Foul Ball, location: 2F
2-2: Foul Ball, location: 2F
2-2: Ground out 5-3 (Groundball, 5S, EV 77.5 MPH)
José García to second
Batting: RHB Jesús Amengual 0-0: Fly out, F8 (Flyball, 8LS, EV 81.9 MPH)
Batting: RHB Roberto Díaz 0-0: Called Strike
0-1: Foul Ball, location: 2F
0-2: Strikes out swinging
Top of the 2nd over - 0 runs, 0 hits, 0 errors, 1 left on base; Chicago 0 - Provo 1
BOTTOM OF THE 2ND
Provo Mango batting - Pitching for Chicago Gold Sox : LHP Héctor Cantú
Batting: LHB Yin-fat Fou 0-0: SINGLE (Groundball, 3L, EV 98.8 MPH) (infield hit)
Batting: LHB Braxton Cottongame 0-0: Ball
1-0: DOUBLE (Line Drive, 7LS, EV 107.5 MPH)
Yin-fat Fou to third
Batting: RHB Daniel Woods 0-0: Called Strike
0-1: Ball
1-1: Ball
2-1: Ball
3-1: Foul Ball, location: 2F
3-2: Base on Balls
Batting: RHB Charley Foijens 0-0: SINGLE (Flyball, 78M, EV 86.2 MPH)
Yin-fat Fou scores
Braxton Cottongame to third
Daniel Woods to second
Batting: SHB Will Hamilton 0-0: Foul Ball, location: 2F
0-1: Called Strike
0-2: DOUBLE (Line Drive, 9LM, EV 109.4 MPH)
Braxton Cottongame scores
Daniel Woods scores
Charley Foijens to third
Batting: RHB Ding-bong Wang 0-0: Ball
1-0: Ball
2-0: SINGLE (Line Drive, 78S, EV 89.4 MPH)
Charley Foijens scores
Will Hamilton to third
Batting: RHB Paul Prichard 0-0: SINGLE (Groundball, 56D, EV 102.5 MPH)
Will Hamilton scores
Ding-bong Wang to second
Batting: LHB Kyle Mullens 0-0: Foul Ball, location: 2F
0-1: Called Strike
0-2: Ball
1-2: Fielders Choice at 2nd, 5-4 (Groundball, 56, EV 88.8 MPH)
Ding-bong Wang to third
Batting: RHB Jesús Espinoza 0-0: Ball
1-0: Foul Ball, location: 2F
1-1: Ball
2-1: Foul Ball, location: 2F
2-2: Strikes out swinging
Batting: LHB Yin-fat Fou 0-0: Called Strike
0-1: Ball
1-1: Foul Ball, location: 2F
1-2: Ball
2-2: Foul Ball, location: 2F
2-2: Foul Ball, location: 2F
2-2: Foul Ball, location: 2F
2-2: Foul Ball, location: 2F
2-2: Foul Ball, location: 2F
2-2: Fly out, F3 (Line Drive, 3, EV 71.2 MPH)
Bottom of the 2nd over - 5 runs, 6 hits, 0 errors, 2 left on base; Chicago 0 - Provo 6
TOP OF THE 3RD
Chicago Gold Sox batting - Pitching for Provo Mango : RHP Rainer Ausmus
Batting: RHB José Cruz 0-0: Fly out, F8 (Flyball, 8RD, EV 83.1 MPH)
Batting: RHB Juan Ocasio 0-0: Ground out 5-3 (Groundball, 56, EV 84.4 MPH)
Batting: RHB Garm van Opdorp 0-0: Ball
1-0: Ball
2-0: Foul Ball, location: 2F
2-1: Ball
3-1: Called Strike
3-2: Foul Ball, location: 2F
3-2: Base on Balls
Batting: RHB Estanislao Hirigoyen 0-0: Ball
1-0: Called Strike
1-1: Ball
2-1: Called Strike
2-2: Ball
3-2: Foul Ball, location: 2F
3-2: Foul Ball, location: 2F
3-2: Strikes out swinging
Top of the 3rd over - 0 runs, 0 hits, 0 errors, 1 left on base; Chicago 0 - Provo 6
BOTTOM OF THE 3RD
Provo Mango batting - Pitching for Chicago Gold Sox : LHP Héctor Cantú
Batting: LHB Braxton Cottongame 0-0: Ground out U3 (Groundball, 3L, EV 101.9 MPH)
Batting: RHB Daniel Woods 0-0: Swinging Strike
0-1: Foul Ball, location: 2F
0-2: Ground out 6-3 (Groundball, 6, EV 85.6 MPH)
Batting: RHB Charley Foijens 0-0: Ball
1-0: Swinging Strike
1-1: Called Strike
1-2: Foul Ball, location: 2F
1-2: Strikes out swinging
Bottom of the 3rd over - 0 runs, 0 hits, 0 errors, 0 left on base; Chicago 0 - Provo 6
TOP OF THE 4TH
Chicago Gold Sox batting - Pitching for Provo Mango : RHP Rainer Ausmus
Batting: RHB Seung-hwan Pak 0-0: Fly out, F8 (Flyball, 8LS, EV 82.5 MPH)
Batting: SHB José García 0-0: Ball
1-0: Ball
2-0: Called Strike
2-1: Foul Ball, location: 2F
2-2: Ball
3-2: Foul Ball, location: 2F
3-2: Foul Ball, location: 2F
3-2: Base on Balls
Batting: RHB John Batman 0-0: Called Strike
0-1: Ball
1-1: Hit by Pitch
José García to second
Batting: RHB Jesús Amengual 0-0: Called Strike
0-1: Ball
1-1: Ball
2-1: Ball
3-1: SINGLE (Groundball, 6MD, EV 95.0 MPH)
José García to third
John Batman to second
Runner from 3rd tries for Home, throw by CF and OUT! 8-2
Batting: RHB Roberto Díaz 0-0: Ground out U3 (Groundball, 3L, EV 107.5 MPH)
Top of the 4th over - 0 runs, 1 hit, 0 errors, 2 left on base; Chicago 0 - Provo 6
BOTTOM OF THE 4TH
Provo Mango batting - Pitching for Chicago Gold Sox : LHP Héctor Cantú
Batting: SHB Will Hamilton 0-0: Ground out 1-3 (Groundball, 25, EV 79.4 MPH)
Batting: RHB Ding-bong Wang 0-0: Ball
1-0: Ball
2-0: Swinging Strike
2-1: Foul Ball, location: 2F
2-2: Ball
3-2: Fly out, F9 (Flyball, 9S, EV 83.1 MPH)
Batting: RHB Paul Prichard 0-0: Ball
1-0: Foul Ball, location: 2F
1-1: Called Strike
1-2: Ground out 4-3 (Groundball, 4, EV 81.2 MPH)
Bottom of the 4th over - 0 runs, 0 hits, 0 errors, 0 left on base; Chicago 0 - Provo 6
TOP OF THE 5TH
Chicago Gold Sox batting - Pitching for Provo Mango : RHP Rainer Ausmus
Batting: RHB José Cruz 0-0: Called Strike
0-1: Ball
1-1: Ground out 1-3 (Groundball, 34S, EV 82.5 MPH)
Batting: RHB Juan Ocasio 0-0: Ball
1-0: Called Strike
1-1: Called Strike
1-2: Strikes out swinging
Batting: RHB Garm van Opdorp 0-0: Ball
1-0: Reached on error, E5 (Line Drive, 5, EV 71.2 MPH)
Batting: RHB Estanislao Hirigoyen 0-0: Called Strike
0-1: Foul Ball, location: 2F
0-2: Foul Ball, location: 2F
0-2: Fly out, F7 (Line Drive, 7, EV 98.8 MPH)
Top of the 5th over - 0 runs, 0 hits, 1 error, 1 left on base; Chicago 0 - Provo 6
BOTTOM OF THE 5TH
Provo Mango batting - Pitching for Chicago Gold Sox : LHP Héctor Cantú
Batting: LHB Kyle Mullens 0-0: Ball
1-0: Called Strike
1-1: Ball
2-1: Ball
3-1: Base on Balls
Pitching: LHP Huai-yi Lee
Batting: RHB Jesús Espinoza 0-0: Called Strike
0-1: Ball
1-1: Swinging Strike
1-2: Ball
2-2: Strikes out swinging
Batting: LHB Yin-fat Fou 0-0: Called Strike
0-1: Ball
1-1: Foul Ball, location: 2F
1-2: Strikes out looking
Batting: LHB Braxton Cottongame 0-0: Ball
1-0: Ball
2-0: Called Strike
2-1: Ball
3-1: Base on Balls
Kyle Mullens to second
Batting: RHB Daniel Woods 0-0: Foul Ball, location: 2F
0-1: Foul Ball, location: 2F
0-2: 3-RUN HOME RUN (Flyball, 7D, EV 96.9 MPH), Distance : 399 ft
Batting: RHB Charley Foijens 0-0: Ball
1-0: Ball
2-0: Ball
3-0: Foul Ball, location: 2F
3-1: Base on Balls
Pitching: RHP Tetsuzan Miyata
Batting: SHB Will Hamilton 0-0: Ball
1-0: 2-RUN HOME RUN (Flyball, 89XD, EV 107.5 MPH), Distance : 412 ft
Batting: RHB Ding-bong Wang 0-0: Called Strike
0-1: Foul Ball, location: 2F
0-2: Ball
1-2: Fly out, F3 (Popup, 3F, EV 56.2 MPH)
Bottom of the 5th over - 5 runs, 2 hits, 0 errors, 0 left on base; Chicago 0 - Provo 11
TOP OF THE 6TH
Chicago Gold Sox batting - Pitching for Provo Mango : RHP Rainer Ausmus
Batting: RHB Seung-hwan Pak 0-0: Ball
1-0: SINGLE (Groundball, 34D, EV 105.6 MPH)
Batting: SHB José García 0-0: Called Strike
0-1: Ball
1-1: Foul Ball, location: 2F
1-2: Foul Ball, location: 2F
1-2: Foul Ball, location: 2F
1-2: Ball
Wild Pitch!
Seung-hwan Pak to second
2-2: Strikes out looking
Batting: RHB John Batman 0-0: Fly out, F7 (Flyball, 7S, EV 85.0 MPH)
Batting: RHB Jesús Amengual 0-0: DOUBLE (Flyball, 8RXD, EV 103.1 MPH)
Seung-hwan Pak scores
Batting: RHB Roberto Díaz 0-0: SINGLE (Groundball, 6MD, EV 105.6 MPH)
Jesús Amengual to third
Runner from 3rd tries for Home, SAFE, no throw by CF
Batting: RHB José Cruz 0-0: Ball
1-0: Ball
2-0: Ball
3-0: Called Strike
3-1: Foul Ball, location: 2F
3-2: Foul Ball, location: 2F
3-2: Base on Balls
Roberto Díaz to second
Pitching: RHP Kip Mosley
Batting: RHB Juan Ocasio 0-0: Ball
1-0: Ball
2-0: Called Strike
2-1: Ball
3-1: Base on Balls
Roberto Díaz to third
José Cruz to second
Batting: RHB Garm van Opdorp 0-0: Foul Ball, location: 2F
0-1: Fly out, F8 (Flyball, 89D, EV 98.8 MPH)
Top of the 6th over - 2 runs, 3 hits, 0 errors, 3 left on base; Chicago 2 - Provo 11
BOTTOM OF THE 6TH
Provo Mango batting - Pitching for Chicago Gold Sox : RHP Tetsuzan Miyata
Batting: RHB Paul Prichard 0-0: Foul Ball, location: 2F
0-1: Foul Ball, location: 2F
0-2: Foul Ball, location: 2F
0-2: Strikes out looking
Batting: LHB Kyle Mullens 0-0: Ball
1-0: Ball
2-0: Called Strike
2-1: DOUBLE (Line Drive, 7LS, EV 99.4 MPH)
Batting: RHB Jesús Espinoza 0-0: Ball
1-0: Ball
2-0: Fly out, F8 (Flyball, 8RD, EV 86.2 MPH)
Batting: LHB Yin-fat Fou 0-0: Ball
1-0: Ball
2-0: Foul Ball, location: 2F
2-1: Ball
3-1: Base on Balls
Pitching: LHP José Santos
Batting: LHB Braxton Cottongame 0-0: Ball
1-0: Ball
2-0: Ball
3-0: Foul Ball, location: 2F
3-1: Foul Ball, location: 2F
3-2: Base on Balls
Kyle Mullens to third
Yin-fat Fou to second
Batting: RHB Daniel Woods 0-0: Called Strike
0-1: Ball
1-1: Fly out, F7 (Line Drive, 7D, EV 98.1 MPH)
Bottom of the 6th over - 0 runs, 1 hit, 0 errors, 3 left on base; Chicago 2 - Provo 11
TOP OF THE 7TH
Chicago Gold Sox batting - Pitching for Provo Mango : RHP Kip Mosley
Batting: RHB Estanislao Hirigoyen 0-0: Ball
1-0: Ball
2-0: Ball
3-0: Called Strike
3-1: Foul Ball, location: 2F
3-2: Foul Ball, location: 2F
3-2: Fly out, F8 (Flyball, 8RXD, EV 101.9 MPH)
Batting: RHB Seung-hwan Pak 0-0: Ball
1-0: Called Strike
1-1: Ball
2-1: Called Strike
2-2: SINGLE (Flyball, 89S, EV 91.2 MPH)
Batting: SHB José García 0-0: Called Strike
0-1: Ball
1-1: Swinging Strike
1-2: Ball
2-2: Strikes out swinging
Batting: RHB John Batman 0-0: Ball
1-0: SINGLE (Line Drive, 4M, EV 98.1 MPH)
Seung-hwan Pak to second
Batting: RHB Jesús Amengual 0-0: Called Strike
0-1: Ball
1-1: Ball
2-1: Called Strike
2-2: Ball
3-2: Fly out, F8 (Flyball, 8LD, EV 75.0 MPH)
Top of the 7th over - 0 runs, 2 hits, 0 errors, 2 left on base; Chicago 2 - Provo 11
BOTTOM OF THE 7TH
Provo Mango batting - Pitching for Chicago Gold Sox : LHP José Santos
Batting: RHB Charley Foijens 0-0: Foul Ball, location: 2F
0-1: Ball
1-1: Ground out 6-3 (Groundball, 6, EV 81.2 MPH)
Batting: SHB Will Hamilton 0-0: Ball
1-0: Foul Ball, location: 2F
1-1: SINGLE (Line Drive, 9S, EV 87.5 MPH)
Batting: RHB Ding-bong Wang 0-0: Ball
1-0: Ball
2-0: Called Strike
2-1: Foul Ball, location: 2F
2-2: Fly out, F4 (Popup, 3S, EV 82.5 MPH)
Pitching: RHP Kini Grinter
Batting: RHB Paul Prichard 0-0: Called Strike
0-1: Ball
1-1: Swinging Strike
1-2: DOUBLE (Flyball, 8RXD, EV 91.2 MPH)
Will Hamilton to third
Runner from 3rd tries for Home, SAFE, no throw by CF
Batting: LHB Kyle Mullens 0-0: Called Strike
0-1: Swinging Strike
0-2: Ball
1-2: Foul Ball, location: 2F
1-2: Ball
2-2: Strikes out looking
Bottom of the 7th over - 1 run, 2 hits, 0 errors, 1 left on base; Chicago 2 - Provo 12
TOP OF THE 8TH
Chicago Gold Sox batting - Pitching for Provo Mango : RHP Kip Mosley
Batting: RHB Roberto Díaz 0-0: Ball
1-0: Foul Ball, location: 2F
1-1: Ground out 6-3 (Groundball, 6, EV 82.5 MPH)
Batting: RHB José Cruz 0-0: Ball
1-0: Foul Ball, location: 2F
1-1: Foul Ball, location: 2F
1-2: Ball
2-2: Fly out, F7 (Flyball, 7LM, EV 86.9 MPH)
Batting: RHB Juan Ocasio 0-0: Ball
1-0: Called Strike
1-1: SINGLE (Groundball, 56D, EV 105.6 MPH)
Batting: RHB Garm van Opdorp 0-0: Ball
1-0: Ball
2-0: Swinging Strike
2-1: SINGLE (Groundball, 34, EV 99.4 MPH) (infield hit)
Juan Ocasio to second
Batting: RHB Estanislao Hirigoyen 0-0: Called Strike
0-1: Ball
1-1: Called Strike
1-2: Strikes out swinging
Top of the 8th over - 0 runs, 2 hits, 0 errors, 2 left on base; Chicago 2 - Provo 12
BOTTOM OF THE 8TH
Provo Mango batting - Pitching for Chicago Gold Sox : RHP Kini Grinter
Batting: RHB Jesús Espinoza 0-0: Called Strike
0-1: Foul Ball, location: 2F
0-2: Ball
1-2: Strikes out swinging
Batting: LHB Yin-fat Fou 0-0: Called Strike
0-1: Swinging Strike
0-2: Strikes out swinging
Pinch Hitting: RHB Jeff Crow 0-0: Swinging Strike
0-1: Ball
1-1: Called Strike
1-2: Ball
2-2: Ball
3-2: Base on Balls
Pitching: RHP Shiki Yamamoto
Pinch Hitting: RHB Carlos González 0-0: Ball
1-0: Ground out U3 (Groundball, 3S, EV 71.2 MPH)
Bottom of the 8th over - 0 runs, 0 hits, 0 errors, 1 left on base; Chicago 2 - Provo 12
TOP OF THE 9TH
Chicago Gold Sox batting - Pitching for Provo Mango : RHP Kip Mosley
Now at 1B: Quinn Lynch
Now at 2B: Carlos González
Batting: RHB Seung-hwan Pak 0-0: Ball
1-0: Ball
2-0: Called Strike
2-1: SINGLE (Line Drive, 8RS, EV 107.5 MPH)
Batting: SHB José García 0-0: Called Strike
0-1: Foul Ball, location: 2F
0-2: Ball
1-2: Ball
2-2: Ball
3-2: Foul Ball, location: 2F
3-2: Fly out, F7 (Flyball, 78S, EV 85.0 MPH)
Batting: RHB John Batman 0-0: Grounds into double play, 6-4-3 (Groundball, 6S, EV 89.4 MPH)
Top of the 9th over - 0 runs, 1 hit, 0 errors, 0 left on base; Chicago 2 - Provo 12
Thursday, January 23rd, 2020 - OOTP Baseball 20.8 Build 74